 Dungeon Crawl Stone Soup version 0.29-a0-364-g921d912d32 (webtiles) character file.

Game seed: 2591047053032260291

4 sokol815 the Firebug (level 1, -1/11 HPs)
             Began as an Octopode Fire Elementalist on Apr 30, 2022.
             Succumbed to a kobold's poison
             ... on level 1 of the Dungeon.
             The game lasted 00:00:49 (178 turns).

sokol815 the Firebug (Octopode Fire Elementalist)    Turns: 178, Time: 00:00:50

Health: -1/11      AC:  1    Str:  7    XL:     1   Next: 60%
Magic:  0/3        EV: 13    Int: 17    God:
Gold:   0          SH:  0    Dex: 12    Spells: 3/4 levels left

rFire   . . .      SeeInvis .   a - +0 dagger
rCold   . . .      Faith    .   (no shield)
rNeg    . . .      Spirit   .   (helmet restricted)
rPois   .          Reflect  .   (no amulet)
rElec   .          Harm     .   (no ring)
rCorr   .          Rampage  .   (no ring)
Will    .....                   (no ring)
Stlth   +++.......              (no ring)
HPRegen 0.03/turn               (no ring)
MPRegen 0.08/turn               (no ring)
                                (no ring)
                                (no ring)

@: lethally poisoned (-1 -> -11)
A: almost no armour, amphibious, 8 rings, camouflage 1, gelatinous body 1,
(nimble swimmer 1), tentacles
a: no special abilities


You were on level 1 of the Dungeon.
You visited 1 branch of the dungeon, and saw 1 of its levels.

Inventory:

Hand Weapons
 a - a +0 dagger (weapon)
   (You found it on level 1 of the Dungeon)
Scrolls
 b - a scroll of enchant armour {unknown}
Potions
 M - a potion of magic


   Skills:
 - Level 2.0 Dodging
 - Level 2.6 Stealth
 - Level 2.0 Spellcasting
 + Level 1.3 Conjurations
 + Level 3.1 Fire Magic


You had 3 spell levels left.
You knew the following spells:

 Your Spells              Type           Power      Damage    Failure   Level
a - Foxfire               Conj/Fire      36%        2x1d5     8%          1

Your spell library contained the following spells:

 Spells                   Type           Power      Damage    Failure   Level
 Scorch                   Fire           24%        2d6       9%          2
 Conjure Flame            Conj/Fire      9%         6-21      24%         3
 Inner Flame              Hex/Fire       7%         N/A       30%         3
 Flame Wave               Conj/Fire      9%         2d5       61%         4


Dungeon Overview and Level Annotations

Branches:
Dungeon (1/15)

Altars:


Innate Abilities, Weirdness & Mutations

You cannot wear most types of armour.
You are amphibious.
You can wear up to eight rings at the same time.
Your skin changes colour to match your surroundings (Stealth+).
Your rubbery body absorbs attacks. (AC +1, EV +1)
((You are camouflaged when in or above water. (Stealth+)))
You have tentacles for arms and can constrict up to eight enemies at once.


Message History

Bad channel name for runrest: 'Jiyva says: Divide and consume' Welcome, sokol815 the Octopode Fire Elementalist.
Everyone else who sought the Orb of Zot has failed.
Will you be different?
Found a dagger.
Found a staircase leading out of the dungeon.
a - a +0 dagger
a - a +0 dagger (weapon)
A ball python comes into view.
The ball python hisses angrily.
You conjure some foxfire!
You now have 2/3 mp.
The foxfire hits the ball python.
You kill the ball python!
A frilled lizard comes into view.
MP restored: 3 The frilled lizard hisses angrily.
You miss the frilled lizard. You grab the frilled lizard.
You constrict the frilled lizard.
The frilled lizard completely misses you.
You hit the frilled lizard.
You kill the frilled lizard!
You see here a +0 cloak.
As you open the door, it creaks loudly!
An endoplasm comes into view.
Found a stone staircase leading down.
There is an open door here.
You conjure some foxfire!
You now have 2/3 mp.
You conjure some foxfire!
The foxfire hits the endoplasm. x2
You kill the endoplasm!
You now have 1/3 mp.
You start resting.
MP restored: 3
There is a stone staircase leading down here.
You open the door.
There is an open door here.
b - a scroll labelled IWNOLU GEME
Found a stone staircase leading down.
A kobold comes into view. It is wielding a +1 dagger of venom.
There is a stone staircase leading down here.
You conjure some foxfire!
The kobold shouts!
You now have 2/3 mp.
You miscast Foxfire.
You are very lightly contaminated with residual magic.
Nothing appears to happen.
The foxfire hits the kobold but does no damage.
The foxfire hits the kobold.
You now have 1/3 mp.
You conjure some foxfire!
The foxfire hits the kobold but does no damage.
You now have 0/3 mp.
You barely miss the kobold. Your grab misses the kobold.
The foxfire hits the kobold.
A giant cockroach comes into view.
You hit the kobold. You grab the kobold. You constrict the kobold.
The kobold hits you with a +1 dagger of venom.
You are poisoned.
You take 1 damage, and have 10/11 hp.
You hit the kobold but do no damage. Your squeeze misses the kobold.
You constrict the kobold, but do no damage.
You feel sick.
The kobold hits you with a +1 dagger of venom.
You are lethally poisoned!
You take 3 damage, and have 7/11 hp.
MASSIVE DAMAGE!!
You hit the kobold.
You kill the kobold!
You feel very sick.
You take 3 damage, and have 4/11 hp.
MASSIVE DAMAGE!!
Okay, then.
You don't have enough magic to cast this spell.
* * * LOW HITPOINT WARNING * * *
You feel very sick.
Your magical contamination has completely faded away.
You see here a +1 dagger of venom.
You take 3 damage, and have 1/11 hp.
MASSIVE DAMAGE!!
You die...

#.##### .. #.#
#...... #.##.#
#####.##.## ..#.#
##.........# #.#.#
##..#####...# ...#
##..#.....#..#
#..###..#.......#..
#.B##..#....<....#.
#@###..#.......#..
###)####..#.....#..#
#..>.......#####....
#.#.####.#.......###
#.#.# #.#####.##...
# #.# #.# #....##
#.# #.# ####.# #.#
#.# #.# #.# #.# #.#


You could see a giant cockroach.

Vanquished Creatures
  An endoplasm (D:1)
  A kobold (D:1)
  A ball python (D:1)
  A frilled lizard (D:1)
4 creatures vanquished.

Vanquished Creatures (others)
  9 foxfires (D:1)
9 creatures vanquished.

Grand Total: 13 creatures vanquished

Notes
Turn   | Place    | Note
-------+----------+-------------------------------------------
     0 | D:1      | sokol815 the Octopode Fire Elementalist began the quest for
                  | the Orb.
     0 | D:1      | Reached XP level 1. HP: 11/11 MP: 3/3
   177 | D:1      | HP: 1/11 [poisoned by a kobold]
   178 | D:1      | Succumbed to a kobold's poison

Illustrated notes

Levels and vault maps discovered:
D:1:      scummos_arrival_hexagon, layout_basic,
          shapermc_ecumenical_altar_mp_highgroup, serial_bayou_lake_a

Action                   || total
-------------------------++-------
Melee: Dagger            ||     6
       Constrict         ||     2
 Cast: Foxfire           ||     5
Dodge: Dodged            ||     1

Table legend: (Time is in decaauts)
 A = Elapsed time spent in this place.
 B = Non-inter-level travel time spent in this place.
 C = Inter-level travel time spent in this place.
 D = Time resting spent in this place.
 E = Time spent auto-exploring this place.
 F = Levels seen in this place.
 G = Mean time per level.
                   A        B        C        D        E       F      G
               +--------+--------+--------+--------+--------+-----+--------+
         Total |    177 |    177 |      0 |     23 |    125 |   1 |  177.0 |
       Dungeon |    177 |    177 |      0 |     23 |    125 |   1 |  177.0 |
               +--------+--------+--------+--------+--------+-----+--------+

Top non-repeatable levels by time:
     D:1: 177 daAuts

Table legend:
 A = Kills in this place as a percentage of kills in entire the game.
 B = Kills by you in this place as a percentage of kills by you in the entire game.
 C = Kills by friends in this place as a percentage of kills by friends in the entire game.
 D = Other kills in this place as a percentage of other kills in the entire game.
 E = Experience gained in this place as a percentage of experience gained in the entire game.
 F = Experience gained in this place divided by the number of levels of this place that you have seen.
                   A       B       C       D       E      F
               +-------+-------+-------+-------+-------+----------------------
         Total | 100.0 | 100.0 |   N/A |   N/A | 100.0 |   6.0
       Dungeon | 100.0 | 100.0 |   N/A |   N/A | 100.0 |   6.0
               +-------+-------+-------+-------+-------+----------------------
